 Dungeon Crawl Stone Soup version 0.32-a0-842-gbbb8fdbe59 (webtiles) character file.

Game seed: 7693220190078704844

2146 GeoRichter the Cleaver (level 9, 0/82 HPs)
             Began as a Mountain Dwarf Wanderer on Mar 27, 2024.
             Succumbed to a killer bee's poison
             ... on level 6 of the Dungeon.
             The game lasted 00:10:24 (6615 turns).

GeoRichter the Cleaver (Mountain Dwarf Wanderer)    Turns: 6615, Time: 00:10:25

Health: 0/82       AC: 10    Str: 21      XL:     9   Next: 9%
Magic:  13/18      EV:  5    Int: 11      God:
Gold:   271        SH:  0    Dex:  8 (9)  Spells: 8/8 levels left

rFire   . . .        g - +2 dagger (venom)
rCold   + . .        (no shield)
rNeg    . . .        u - +0 plate armour
rPois   .            (no helmet)
rElec   .            (no cloak)
rCorr   .            (no gloves)
SInv    .            (no boots)
Will    .....        v - amulet of guardian spirit Stlth
                     n - ring of magical power
HPRegen 0.33/turn    l - ring of protection from cold
MPRegen 0.16/turn

%: guardian spirit
@: lethally poisoned (0 -> -5), silenced, hasted, very quick
A: runic magic, artefact enchanting
a: no special abilities


You were on level 6 of the Dungeon.
You visited 1 branch of the dungeon, and saw 7 of its levels.

You collected 271 gold pieces.

Inventory:

Hand Weapons
 a - a +1 mace
 g - a +2 dagger of venom (weapon)
   (You took it off a goblin on level 1 of the Dungeon)
 w - a +1 battleaxe
   (You took it off a wight on level 6 of the Dungeon)
Missiles
 y - 5 curare-tipped darts {!f}
 z - 3 poisoned darts (quivered)
Armour
 u - a +0 plate armour (worn)
   (You found it on level 4 of the Dungeon)
Jewellery
 l - a ring of protection from cold (right hand)
   (You found it on level 2 of the Dungeon)
 n - a ring of magical power (left hand)
   (You found it on level 3 of the Dungeon)
 v - an amulet of guardian spirit (around neck)
   (You found it on level 4 of the Dungeon)
Wands
 C - a wand of polymorph (14)
   (You found it on level 6 of the Dungeon)
 D - a wand of digging (6)
   (You found it on level 6 of the Dungeon)
Scrolls
 d - 3 scrolls of teleportation {@r4}
 f - a scroll of immolation {unknown}
 i - 3 scrolls of noise {!r}
 m - 2 scrolls of amnesia
 o - a scroll of fog
 s - a scroll of acquirement {unknown}
 t - 2 scrolls of poison {!r}
 B - a scroll of vulnerability {unknown}
Potions
 c - a potion of brilliance
 e - a potion of attraction {unknown}
 j - 2 potions of cancellation
 k - a potion of heal wounds {unknown}
 r - 2 potions of invisibility
 A - a potion of mutation {unknown}


   Skills:
 + Level 8.9 Fighting
 * Level 11.5(11.8) Axes
 - Level 3.6(8.2) Maces & Flails
 - Level 1.0 Dodging
 - Level 2.0 Unarmed Combat


You had 8 spell levels left.
You didn't know any spells.
Your spell library was empty.

Dungeon Overview and Level Annotations

Branches:
Dungeon (7/15) Zot: 26945  Temple (0/1) D:7

Altars:
Kikubaaqudgha
Nemelex Xobeh
Trog
Yredelemnul
The Shining One

Annotations:
D:3 3 runed translucent doors, cermafil's ghost, weakling DsWn


Innate Abilities, Weirdness & Mutations

Your spellcasting is much less encumbered by armour.
You can use scrolls of enchantment on lesser artefacts.


Message History

You feel very sick.
There is a stone staircase leading down here.
Your +2 dagger of venom begins to drip with poison!
g - a +2 dagger of venom (weapon)
You feel sick. The killer bee stings you!
* * * LOW HITPOINT WARNING * * *
You closely miss the killer bee.
You feel sick. The killer bee stings you.
* * * LOW HITPOINT WARNING * * *
The killer bee stings you.
* * * LOW HITPOINT WARNING * * *
You are more poisoned.
The killer bee poisons you!
You hit the killer bee but do no damage.
The killer bee is poisoned.
You feel very sick. The killer bee stings you.
* * * LOW HITPOINT WARNING * * *
The killer bee stings you.
* * * LOW HITPOINT WARNING * * *
You are lethally poisoned!
The killer bee poisons you!
It was a potion of magic.
Magic courses through your body.
* * * LOW HITPOINT WARNING * * *
You feel very sick. The killer bee completely misses you.
The killer bee closely misses you.
It was a potion of haste.
You feel yourself speed up.
* * * LOW HITPOINT WARNING * * *
You feel very sick. The killer bee stings you.
The killer bee stings you but does no damage.
It was a potion of curing.
You feel better. The killer bee stings you.
* * * LOW HITPOINT WARNING * * *
You are lethally poisoned!
The killer bee poisons you!
As you read the scroll labelled LOIC ENTUNOBUUT, it crumbles to dust.
A profound silence engulfs you.
It was a scroll of silence.
* * * LOW HITPOINT WARNING * * *
You feel sick. The killer bee stings you.
Unknown command.
You miss the killer bee.
The killer bee is heavily wounded.
* * * LOW HITPOINT WARNING * * *
You feel sick. The killer bee completely misses you.
The killer bee barely misses you.
You hit the killer bee.
The killer bee looks even sicker.
The killer bee is almost dead.
* * * LOW HITPOINT WARNING * * *
You feel sick.
You kill the killer bee!
You die...

#..## ##.<.................
#...# #.[...>.[..)...##....
#...###...............##.##
####..........................
#.#...........................
##.#.....#.....................
#........##....................
##........##...................
##.............@...............#
#.......###...>##......##.....##
###.....##...###......####......
#...####....##...............#
##..###......................#
#####.......................#
##......#.................
#.......#.................
#.......#....##...........


There were no monsters in sight!

Vanquished Creatures
  Sigmund (D:2)
  Menkaure (D:5)
  A water moccasin (D:7)
  Duvessa (D:6)
  A sky beast (D:4)
  2 ogres (D:5)
  3 phantoms
  A bullfrog (D:7)
  3 scorpions
  4 wights (D:6)
  Dowan (D:6)
  A killer bee (D:6)
  A howler monkey (D:5)
  A bombardier beetle (D:6)
  2 quasits (D:7)
  2 hounds
  Jessica (D:2)
  5 iguanas
  Natasha (thrice) (D:4)
  10 adders
  A shadow imp (D:7)
  A white imp (D:7)
  2 ufetubi
  An adder zombie (D:3)
  2 ribbon worms
  2 dart slugs (D:1)
  5 orcs
  2 bats
  10 endoplasms
  2 giant cockroaches
  11 goblins
  7 hobgoblins
  6 jackals
  6 kobolds
  2 quokkas
  6 ball pythons
  5 frilled lizards
  A quokka zombie (D:3)
  8 rats
125 creatures vanquished.

Notes
Turn   | Place    | Note
-------+----------+-------------------------------------------
     0 | D:1      | GeoRichter the Mountain Dwarf Wanderer began the quest for
                  | the Orb.
     0 | D:1      | GeoRichter set off with the following items: a +1 mace, 2
                  | scrolls of fear, a potion of brilliance, a +0 leather
                  | armour.
     0 | D:1      | Reached XP level 1. HP: 22/22 MP: 1/1
    76 | D:1      | Reached skill level 1 in Axes
    94 | D:1      | Reached XP level 2. HP: 28/28 MP: 2/2
   336 | D:1      | Reached skill level 2 in Axes
   650 | D:1      | Reached XP level 3. HP: 32/34 MP: 3/3
  1128 | D:2      | Reached skill level 3 in Axes
  1200 | D:1      | Reached skill level 5 in Fighting
  1214 | D:2      | Reached XP level 4. HP: 32/42 MP: 4/4
  1257 | D:2      | Found a faded altar of an unknown god.
  1261 | D:2      | Noticed Jessica
  1288 | D:2      | Killed Jessica
  1289 | D:2      | Reached skill level 4 in Axes
  1353 | D:2      | Noticed Sigmund
  1370 | D:2      | Killed Sigmund
  1371 | D:2      | Reached skill level 5 in Axes
  1371 | D:2      | Reached XP level 5. HP: 38/50 MP: 5/5
  1371 | D:2      | Reached XP level 6. HP: 43/57 MP: 6/6
  2314 | D:3      | Found an ancient bone altar of Kikubaaqudgha.
  2316 | D:3      | Found a bloodstained altar of Trog.
  2394 | D:3      | Reached skill level 6 in Axes
  2492 | D:3      | Found a runed translucent gate.
  2492 | D:3      | Found a runed translucent gate.
  2492 | D:3      | Found a runed translucent gate.
  2492 | D:3      | Noticed cermafil's ghost (weakling DsWn)
  2494 | D:3      | Found a basalt altar of Yredelemnul.
  2962 | D:4      | Found a sparkling altar of Nemelex Xobeh.
  3084 | D:4      | Noticed Natasha
  3097 | D:4      | Killed Natasha
  3342 | D:4      | Noticed Natasha
  3349 | D:4      | Killed Natasha
  3672 | D:4      | Noticed Natasha
  3677 | D:4      | Killed Natasha
  3678 | D:4      | Reached skill level 7 in Axes
  3849 | D:4      | Noticed a sky beast
  3862 | D:4      | Killed a sky beast
  3863 | D:4      | Reached XP level 7. HP: 56/64 MP: 7/7
  4022 | D:5      | Entered Level 5 of the Dungeon
  4081 | D:5      | Reached skill level 8 in Axes
  4588 | D:5      | Noticed Menkaure
  4934 | D:5      | Reached XP level 8. HP: 51/73 MP: 8/8
  5062 | D:5      | Killed Menkaure
  5063 | D:5      | Reached skill level 9 in Axes
  5426 | D:5      | Found a glowing golden altar of the Shining One.
  5687 | D:6      | Noticed Duvessa
  5692 | D:6      | Noticed Dowan
  5892 | D:6      | Killed Duvessa
  5893 | D:6      | Reached skill level 10 in Axes
  5965 | D:6      | Killed Dowan
  6423 | D:6      | Reached skill level 11 in Axes
  6582 | D:7      | Reached XP level 9. HP: 77/82 MP: 9/9
  6610 | D:6      | HP: 2/82 [poisoned by a killer bee]
  6615 | D:6      | Succumbed to a killer bee's poison

Illustrated notes

Levels and vault maps discovered:
D:1:      roadster_arrival_rocket_small, layout_basic, nicolae_the_louvre
D:2:      layout_basic, shapermc_ecumenical_altar_gd, kennysheep_flooded_box,
          uniq_jessica, uniq_sigmund
D:3:      layout_loops_ring, chequers_temple_overflow_statue_of_worship,
          nicolae_yredelemnul_ghost_church, skrybe_limestone_x,
          nicolae_houndstooth_variations
D:4:      layout_basic, nemelex_diamond_rough_becter, serial_corexii_hall,
          chequers_hall_statues_y, corexii_hall_statues_i,
          corexii_hall_statues_x, chequers_hall_statues_corner_a,
          corexii_hall_statues_u, corexii_hall_statues_i, chequers_avenue,
          chequers_jeans, uniq_natasha
D:5:      layout_loops_ring, general_overflow_altar, uniq_menkaure
D:6:      layout_cave_pools, grunt_decor_resistance, uniq_duvessa
D:7:      minmay_the_grid_octo_2x2 [minmay_the_grid_octo_77,
          minmay_the_grid_octo_clover, minmay_the_grid_octo_teeth,
          minmay_the_grid_octo_prize_single_spiral], layout_basic,
          minmay_temple_entry_statues_pillars, nicolae_ossuary_entry_monument,
          serial_demonic, serial_demonic_c, serial_demonic_d, serial_demonic_f,
          serial_demonic_e

Skill      XL: |  1  2  3  4  5  6  7  8 |
---------------+-------------------------+-----
Axes           | 1 2 3 5 7 8 11 | 11.5
Fighting       | 5 6 7 8 |  8.9
Maces & Flails | |  3.6
Dodging        | |  1.0
Unarmed Combat | |  2.0

Action                     |  1- 3 |  4- 6 |  7- 9 || total
---------------------------+-------+-------+-------++-------
  Melee: Mace              |    60 |       |    22 ||    82
         Dagger            |    57 |   214 |   186 ||   457
         Battleaxe         |       |       |    39 ||    39
  Throw: Dart              |       |       |     6 ||     6
  Evoke: Wand              |       |       |     6 ||     6
    Use: Scroll            |       |       |    12 ||    12
         Potion            |       |       |     3 ||     3
 Armour: Leather armour    |    50 |       |       ||    50
         Ring mail         |    22 |    64 |       ||    86
         Plate armour      |       |    63 |   283 ||   346
         Scale mail        |       |    18 |       ||    18
  Dodge: Dodged            |    64 |    70 |    58 ||   192

Table legend: (Time is in decaauts)
 A = Elapsed time spent in this place.
 B = Non-inter-level travel time spent in this place.
 C = Inter-level travel time spent in this place.
 D = Time resting spent in this place.
 E = Time spent auto-exploring this place.
 F = Levels seen in this place.
 G = Mean time per level.
                   A        B        C        D        E       F      G
               +--------+--------+--------+--------+--------+-----+--------+
         Total |   6651 |   6361 |    290 |    619 |   4374 |   7 |  950.1 |
       Dungeon |   6651 |   6361 |    290 |    619 |   4374 |   7 |  950.1 |
               +--------+--------+--------+--------+--------+-----+--------+

Top non-repeatable levels by time:
     D:5: 1547 daAuts
     D:4: 1493 daAuts
     D:1: 1109 daAuts
     D:3: 1035 daAuts
     D:2: 768 daAuts
     D:6: 651 daAuts
     D:7: 46 daAuts
